 Dungeon Crawl Stone Soup version 0.30-a0-1043-g60ff8d5f49 (webtiles) character file.

Game seed: 14995037752115344202

109 Elsrick the Trooper (level 4, -1/41 HPs)
             Began as a Hill Orc Fighter on Apr 11, 2023.
             Slain by a gnoll
             ... wielding a +0 halberd
              (5 damage)
             ... on level 3 of the Dungeon.
             The game lasted 00:03:25 (1571 turns).

Elsrick the Trooper (Hill Orc Fighter)              Turns: 1571, Time: 00:03:26

Health: -1/41      AC:  7    Str: 18    XL:     4   Next: 90%
Magic:  4/4        EV:  9    Int:  8    God:
Gold:   140        SH:  4    Dex: 12    Spells: 3/3 levels left

rFire   . . .      SeeInvis .    a - +0 war axe
rCold   . . .      Faith    .    c - +0 buckler
rNeg    . . .      Spirit   .    b - +0 scale mail
rPois   .          Reflect  .    (no helmet)
rElec   .          Rampage  .    (no cloak)
rCorr   .                        (no gloves)
Will    .....                    (no boots) Stlth
                                 (no amulet)
HPRegen 0.26/turn                (no ring)
MPRegen 0.09/turn                (no ring)

@: no status effects
A: no striking features
a: no special abilities


You were on level 3 of the Dungeon.
You visited 1 branch of the dungeon, and saw 3 of its levels.

You collected 140 gold pieces.

Inventory:

Hand Weapons
 a - a +0 war axe (weapon)
Armour
 b - a +0 scale mail (worn)
 c - a +0 buckler (worn)
Jewellery
 j - a ring of ice
Scrolls
 f - a scroll of blinking {unknown}
 g - a scroll of immolation {unknown}
 h - a scroll of magic mapping {unknown}
 l - 4 scrolls of identify {unknown}
 o - a scroll of fog {unknown}
 p - 2 scrolls of enchant armour {unknown}
 r - a scroll of amnesia {unknown}
Potions
 d - 2 potions of might
 e - 3 potions of curing {unknown}
 i - a potion of invisibility {unknown}
 k - a potion of heal wounds {unknown}
 m - 2 potions of flight {unknown}
 n - a potion of magic {unknown}
 q - a potion of brilliance {unknown}


   Skills:
 + Level 4.6 Fighting
 + Level 4.4 Axes
 + Level 3.9 Armour
 + Level 0.2 Dodging
 + Level 3.6 Shields


You had 3 spell levels left.
You didn't know any spells.
Your spell library contained the following spells:

 Spells                   Type           Power      Damage    Failure   Level
 Necrotise                Necr           0%         1d4       87%         1
 Sublimation of Blood     Necr           0%         N/A       95%         2
 Wereblood                Tmut           0%         N/A       95%         2
 Vampiric Draining        Necr           0%         2d6       99%         3
 Agony                    Necr           0%         N/A       100%        5
 Summon Hydra             Summ           0%         N/A       100%        7


Dungeon Overview and Level Annotations

Branches:
Dungeon (3/15)

Altars:
Sif Muna
Zin


Message History

You block the gnoll's attack.
You barely miss the gnoll.
The gnoll is severely wounded.
The gnoll hits you but does no damage.
You slash the gnoll!
You kill the gnoll!
The gnoll hits you with a +0 club. The gnoll completely misses you.
You slash the gnoll!
The gnoll is severely wounded.
The gnoll hits you with a +0 club. The gnoll closely misses you.
You slash the gnoll!
You kill the gnoll!
You block the gnoll's attack. You block the gnoll's attack.
Things that are here:
a +0 club; a +0 spear; a gnoll corpse You hit the gnoll.
The gnoll is heavily wounded.
The gnoll barely misses you. The gnoll closely misses you.
You closely miss the gnoll.
The gnoll is heavily wounded.
The gnoll hits you with a +0 halberd.
* * * LOW HITPOINT WARNING * * *
You hit the gnoll.
The gnoll is heavily wounded.
The gnoll barely misses you.
You closely miss the gnoll.
The gnoll is heavily wounded.
You block the gnoll's attack.
You barely miss the gnoll.
The gnoll is heavily wounded.
The gnoll closely misses you. The gnoll hits you with a +0 halberd!
* * * LOW HITPOINT WARNING * * *
You closely miss the gnoll.
The gnoll is heavily wounded.
You block the gnoll's attack.
You barely miss the gnoll.
The gnoll is heavily wounded.
The gnoll hits you with a +0 halberd.
You die...

########.#.#
.........#.#
##.####..#.# ##.#
#..#.# ...# #..#.# ####
##..#.# # ##.....# ## #
###.#....########...#
###...†........)@gS.#
......≈.8.≈.#######...#
......≈...§.## .#
......≈≈.≈§§..
......≈≈.≈§.###
......≈≈.≈§.#
#...#.≈≈_≈§.###
##....≈≈≈≈≈...#
##.#..≈§≈..#


You could see a gnoll and a ball python.

Vanquished Creatures
  3 gnolls (D:3)
  5 adders
  A dart slug (D:1)
  5 ball pythons
  5 endoplasms
  2 hobgoblins
  4 jackals (D:3)
  A quokka (D:2)
  3 bats
  5 frilled lizards
  4 rats
38 creatures vanquished.

Vanquished Creatures (others)
  2 plants (D:1)
2 creatures vanquished.

Grand Total: 40 creatures vanquished

Notes
Turn   | Place    | Note
-------+----------+-------------------------------------------
     0 | D:1      | Elsrick the Hill Orc Fighter began the quest for the Orb.
     0 | D:1      | Reached XP level 1. HP: 19/19 MP: 1/1
   219 | D:1      | Reached XP level 2. HP: 25/27 MP: 2/2
   482 | D:2      | Reached XP level 3. HP: 24/33 MP: 3/3
   707 | D:2      | Found a shimmering blue altar of Sif Muna.
   993 | D:3      | Reached XP level 4. HP: 30/41 MP: 4/4
  1430 | D:3      | Found a glowing silver altar of Zin.
  1571 | D:3      | Slain by a gnoll

Illustrated notes

Levels and vault maps discovered:
D:1:      lemuel_arrival_muddy, layout_basic
D:2:      layout_rooms, basic_altar, minmay_misc_feat_encased,
          chequers_serial_rivers_small_b, minivault_14
D:3:      layout_loops_ring, mainiacjoe_overflow_catwalk, dreamdust_wishing_well

Skill      XL: |  1  2  3 |
---------------+----------+-----
Axes           | 3 4 |  4.4
Fighting       | 4 |  4.6
Armour         | |  3.9
Dodging        | |  0.2
Shields        | |  3.6

Action                     |  1- 3 |  4- 6 || total
---------------------------+-------+-------++-------
  Melee: War axe           |    71 |    50 ||   121
 Armour: Scale mail        |    33 |    26 ||    59
  Dodge: Dodged            |    47 |    29 ||    76
  Block: Buckler           |    13 |    19 ||    32

Table legend: (Time is in decaauts)
 A = Elapsed time spent in this place.
 B = Non-inter-level travel time spent in this place.
 C = Inter-level travel time spent in this place.
 D = Time resting spent in this place.
 E = Time spent auto-exploring this place.
 F = Levels seen in this place.
 G = Mean time per level.
                   A        B        C        D        E       F      G
               +--------+--------+--------+--------+--------+-----+--------+
         Total |   1614 |   1577 |     37 |      0 |   1174 |   3 |  538.0 |
       Dungeon |   1614 |   1577 |     37 |      0 |   1174 |   3 |  538.0 |
               +--------+--------+--------+--------+--------+-----+--------+

Top non-repeatable levels by time:
     D:3: 721 daAuts
     D:2: 481 daAuts
     D:1: 411 daAuts
